 Dungeon Crawl Stone Soup version 0.20.0-15-g7f486f2 (webtiles) character file.

38 tof the Skirmisher (level 3, 7/40 HPs)
             Began as an Ogre Berserker on June 20, 2017.
             Was a Believer of Trog.
             Quit the game on level 2 of the Dungeon.
             The game lasted 00:03:53 (1469 turns).

tof the Skirmisher (Ogre Berserker)                 Turns: 1469, Time: 00:03:53

Health: 7/40       AC:  3    Str: 22    XL:     3   Next: 43%
Magic:  3/3        EV: 10    Int:  8    God:    Trog [**....]
Gold:   50         SH:  0    Dex:  8    Spells: 2/2 levels left

rFire    . . .     SeeInvis .   a - +0 mace
rCold    . . .     Gourm    .   (no shield)
rNeg     . . .     Faith    .   b - +0 animal skin
rPois    .         Spirit   .   (helmet restricted)
rElec    .         Reflect  .   (no cloak)
rCorr    .         Harm     .   (gloves unavailable)
MR       .....                  (boots unavailable)
Stlth    +.........             (no amulet)
Regen    0.2/turn               (no ring)
MPRegen  0.1/turn               (no ring)

@: lethally poisoned (7 -> -3)
A: unfitting armour, tough skin 1
a: Berserk, Trog's Hand, Burn Spellbooks, Renounce Religion


You were on level 2 of the Dungeon.
You worshipped Trog.
Trog was pleased with you.
You were not hungry.

You visited 1 branch of the dungeon, and saw 2 of its levels.

You collected 50 gold pieces.

Inventory:

Hand Weapons
 a - a +0 mace (weapon)
Armour
 b - a +0 animal skin (worn)
Jewellery
 j - an uncursed ring of protection from magic {unknown}
Scrolls
 d - a scroll of teleportation {unknown}
 e - 3 scrolls of identify {unknown}
 i - a scroll of remove curse {unknown}
 l - a scroll of fear {unknown}
Potions
 h - a potion of heal wounds {unknown}
 k - 2 potions of brilliance {unknown}
 m - a potion of degeneration {unknown}
Comestibles
 c - 4 bread rations
 f - a royal jelly
 g - a meat ration
 n - 3 chunks of flesh


   Skills:
 + Level 4.5 Fighting
 * Level 3.2 Maces & Flails
 + Level 0.2 Throwing
 + Level 3.1 Dodging


You had 2 spell levels left.
You didn't know any spells.

Dungeon Overview and Level Annotations

Branches:
Dungeon (2/15)

Altars:


Innate Abilities, Weirdness & Mutations

You are too large for most types of armour.
You have tough skin. (AC +1)


Message History

The adder bites you.
You are more poisoned.
The adder poisons you! The adder barely misses you.
You feel sick.
You sock the adder!
The adder is severely wounded.
The adder barely misses you. x2
You hit the adder.
The adder is lightly wounded.
You feel sick. The adder bites you but does no damage.
The adder closely misses you.
You miss the adder.
The adder is lightly wounded.
The adder bites you.
* * * LOW HITPOINT WARNING * * *
You are more poisoned.
The adder poisons you! The adder misses you. The adder barely misses you.
The adder bites you.
* * * LOW HITPOINT WARNING * * *
Are you sure you want to abandon this character and quit the game? (Confirm with "yes".)

.............. ...#.#
........)..... #..#.###### .#
###.#..........# #....##...##...
##..#..........###........$.#.. .
#..##..........##............# ..
#..##..........##............#..?
##..#..........##)..............
###.............##.......$..#
...####.####.#..@S....##....#
...###..........S###.###.##......
...#...##........# #.# #.. .....
.....#######.###.....# #..# .#..
...### #.# ###...# #..# # . ...#
#.# #...# #..# ...# #.#
##.......# ...# #.# .###... ...#
#.# .#


You could see 2 adders.

Vanquished Creatures
  An ooze (D:1)
  A dart slug (D:1)
  2 leopard geckos
  2 giant cockroaches
  4 goblins (D:1)
  5 hobgoblins
  A quokka (D:2)
  3 ball pythons
  A bat (D:1)
  2 frilled lizards (D:1)
  5 kobolds
  A rat (D:1)
  A toadstool (D:1)
29 creatures vanquished.

Vanquished Creatures (others)
  A plant (D:1)
  3 toadstools (D:1)
4 creatures vanquished.

Grand Total: 33 creatures vanquished

Notes
Turn   | Place    | Note
-------+----------+-------------------------------------------
     0 | D:1      | tof the Ogre Berserker began the quest for the Orb.
     0 | D:1      | Reached XP level 1. HP: 24/24 MP: 1/1
   242 | D:1      | Reached XP level 2. HP: 29/33 MP: 2/2
   744 | D:1      | Reached XP level 3. HP: 24/40 MP: 3/3
  1393 | D:2      | Reached ** piety under Trog
  1469 | D:2      | Quit the game

Skill      XL: |  1  2 |
---------------+-------+-----
Maces & Flails | 3 |  3.2
Dodging        | 3 |  3.1
Fighting       | |  4.5
Throwing       | |  0.2

Action                   || total
-------------------------++-------
Melee: Mace              ||   117
  Eat: Chunk             ||     2
Armor: Animal skin       ||    42
Dodge: Dodged            ||    83
